SAA
CASPER GHOSTS @ ATLANTIC CITY SONICS
08/25/2041
 
TOP OF THE 1ST
Casper Ghosts batting - Pitching for Atlantic City Sonics : RHP Jonas Wisse
Pitching: RHP Jonas Wisse
Batting: RHB Thinley Tshering 0-0: Ball
1-0: Called Strike
1-1: Ball
2-1: Fly out, F8 (Line Drive, 8RD, EV 98.8 MPH)
Batting: RHB Marcos Janero 0-0: Ball
1-0: Ball
2-0: Called Strike
2-1: Called Strike
2-2: Foul Ball, location: 2F
2-2: Foul Ball, location: 2F
2-2: SINGLE (Groundball, 56D, EV 101.2 MPH)
Batting: LHB Edward Kisiner 0-0: Ball
1-0: Fly out, F9 (Line Drive, 9D, EV 102.5 MPH)
Batting: RHB Ken Joyner 0-0: Called Strike
0-1: Ball
1-1: Ball
2-1: Fielders Choice at 2nd, 6-4 (Groundball, 6, EV 100.6 MPH)
Top of the 1st over - 0 runs, 1 hit, 0 errors, 1 left on base; Casper 0 - Atlantic City 0
BOTTOM OF THE 1ST
Atlantic City Sonics batting - Pitching for Casper Ghosts : RHP Hildo van Doorn
Pitching: RHP Hildo van Doorn
Batting: RHB Yong-ho Jheon 0-0: Ball
1-0: Foul Ball, location: 2F
1-1: Ball
2-1: DOUBLE (Groundball, 5L, EV 101.2 MPH)
Batting: RHB Garm van Opdorp 0-0: Swinging Strike
0-1: Ball
1-1: Ball
2-1: Ball
3-1: Base on Balls
Batting: RHB August Force 0-0: Ball
1-0: Foul Ball, location: 2F
1-1: Called Strike
1-2: TRIPLE (Flyball, 89XD, EV 105.6 MPH)
Yong-ho Jheon scores
Garm van Opdorp scores
Batting: SHB John Clements 0-0: Swinging Strike
0-1: Ball
1-1: Called Strike
1-2: Fly out, F1 (Popup, 15, EV 82.5 MPH)
Batting: LHB Luis González 0-0: Ball
1-0: Ball
2-0: Called Strike
2-1: Ball
3-1: Base on Balls
Batting: RHB Denis Perrin 0-0: Ball
1-0: Ball
2-0: Ball
3-0: Base on Balls
Luis González to second
Batting: LHB Quentin Batkin 0-0: Ball
1-0: Foul Ball, location: 2F
1-1: Foul Ball, location: 2F
1-2: Ball
2-2: Ball
3-2: Fielders Choice at 2nd, 6-4 (Groundball, 6, EV 85.0 MPH)
August Force scores
Luis González to third
Batting: RHB Abhipala Srivastav 0-0: Ball
1-0: Hit by Pitch
Quentin Batkin to second
Batting: RHB Doug Tipton 0-0: Foul Ball, location: 2F
0-1: Foul Ball, location: 2F
0-2: Ball
Wild Pitch!
Luis González scores
Quentin Batkin to third
Abhipala Srivastav to second
1-2: Ball
2-2: Ball
3-2: Strikes out swinging
Bottom of the 1st over - 4 runs, 2 hits, 0 errors, 2 left on base; Casper 0 - Atlantic City 4
TOP OF THE 2ND
Casper Ghosts batting - Pitching for Atlantic City Sonics : RHP Jonas Wisse
Batting: RHB Cam Lumsden 0-0: Fly out, F5 (Line Drive, 5, EV 70.0 MPH)
Batting: RHB Obiniana Romulo 0-0: Fly out, F9 (Flyball, 9LM, EV 90.6 MPH)
Batting: RHB Izaak Gerkis 0-0: Ball
1-0: Foul Ball, location: 2F
1-1: Swinging Strike
1-2: Ball
2-2: Foul Ball, location: 2F
2-2: Ball
3-2: Fly out, F7 (Flyball, 7D, EV 93.1 MPH)
Top of the 2nd over - 0 runs, 0 hits, 0 errors, 0 left on base; Casper 0 - Atlantic City 4
BOTTOM OF THE 2ND
Atlantic City Sonics batting - Pitching for Casper Ghosts : RHP Hildo van Doorn
Batting: RHB Yong-ho Jheon 0-0: Called Strike
0-1: Called Strike
0-2: Foul Ball, location: 2F
0-2: Ball
1-2: Foul Ball, location: 2F
1-2: Strikes out swinging
Batting: RHB Garm van Opdorp 0-0: Ground out U3 (Groundball, 3, EV 81.2 MPH)
Batting: RHB August Force 0-0: Ball
1-0: Called Strike
1-1: Swinging Strike
1-2: Foul Ball, location: 2F
1-2: Strikes out swinging
Bottom of the 2nd over - 0 runs, 0 hits, 0 errors, 0 left on base; Casper 0 - Atlantic City 4
TOP OF THE 3RD
Casper Ghosts batting - Pitching for Atlantic City Sonics : RHP Jonas Wisse
Batting: RHB Thom Scribbner 0-0: Called Strike
0-1: Called Strike
0-2: Ball
1-2: Fly out, F9 (Flyball, 89S, EV 91.9 MPH)
Batting: RHB Bogdan Lissenberg 0-0: Foul Ball, location: 2F
0-1: Foul Ball, location: 2F
0-2: Ball
1-2: Foul Ball, location: 2F
1-2: Ground out 6-3 (Groundball, 6, EV 89.4 MPH)
Batting: RHB Thinley Tshering 0-0: Ball
1-0: Swinging Strike
1-1: Fly out, F8 (Flyball, 8LM, EV 76.9 MPH)
Top of the 3rd over - 0 runs, 0 hits, 0 errors, 0 left on base; Casper 0 - Atlantic City 4
BOTTOM OF THE 3RD
Atlantic City Sonics batting - Pitching for Casper Ghosts : RHP Hildo van Doorn
Batting: SHB John Clements 0-0: Ball
1-0: Ball
2-0: SINGLE (Line Drive, 34D, EV 98.1 MPH)
Batting: LHB Luis González 0-0: Ball
1-0: Grounds into double play, 5-4-3 (Groundball, 5, EV 86.2 MPH)
Batting: RHB Denis Perrin 0-0: Ball
1-0: Ball
2-0: Called Strike
2-1: Foul Ball, location: 2F
2-2: Foul Ball, location: 2F
2-2: Foul Ball, location: 2F
2-2: Ground out 6-3 (Groundball, 56D, EV 103.8 MPH)
Bottom of the 3rd over - 0 runs, 1 hit, 0 errors, 0 left on base; Casper 0 - Atlantic City 4
TOP OF THE 4TH
Casper Ghosts batting - Pitching for Atlantic City Sonics : RHP Jonas Wisse
Batting: RHB Marcos Janero 0-0: Called Strike
0-1: Swinging Strike
0-2: Strikes out swinging, 2-3 out at first.
Batting: LHB Edward Kisiner 0-0: Ball
1-0: Ball
2-0: Foul Ball, location: 2F
2-1: Foul Ball, location: 2F
2-2: Foul Ball, location: 2F
2-2: Fly out, F8 (Line Drive, 8RM, EV 98.8 MPH)
Batting: RHB Ken Joyner 0-0: Ball
1-0: Foul Ball, location: 2F
1-1: Foul Ball, location: 2F
1-2: Ball
2-2: Ball
3-2: Base on Balls
Batting: RHB Cam Lumsden 0-0: SINGLE (Line Drive, 3D, EV 99.4 MPH)
Ken Joyner to second
Batting: RHB Obiniana Romulo 0-0: Called Strike
0-1: Ground out 1-3 (Groundball, 34S, EV 89.4 MPH)
Top of the 4th over - 0 runs, 1 hit, 0 errors, 2 left on base; Casper 0 - Atlantic City 4
BOTTOM OF THE 4TH
Atlantic City Sonics batting - Pitching for Casper Ghosts : RHP Hildo van Doorn
Batting: LHB Quentin Batkin 0-0: Foul Ball, location: 2F
0-1: Ball
1-1: Foul Ball, location: 2F
1-2: Foul Ball, location: 2F
1-2: Foul Ball, location: 2F
1-2: Ball
2-2: DOUBLE (Line Drive, 9LM, EV 110.0 MPH)
Batting: RHB Abhipala Srivastav 0-0: Swinging Strike
0-1: Ball
1-1: Ball
2-1: Swinging Strike
2-2: Ball
3-2: Fly out, F8 (Flyball, 8RD, EV 108.8 MPH)
Batting: RHB Doug Tipton 0-0: Fly out, F8 (Line Drive, 8LM, EV 106.2 MPH)
Batting: RHB Yong-ho Jheon 0-0: Swinging Strike
0-1: Called Strike
0-2: Ball
1-2: Ball
2-2: Foul Ball, location: 2F
2-2: Foul Ball, location: 2F
2-2: DOUBLE (Line Drive, 9LS, EV 106.2 MPH)
Quentin Batkin scores
Batting: RHB Garm van Opdorp 0-0: Foul Ball, location: 2F
0-1: Ball
1-1: Ground out 5-3 (Groundball, 5S, EV 84.4 MPH)
Bottom of the 4th over - 1 run, 2 hits, 0 errors, 1 left on base; Casper 0 - Atlantic City 5
TOP OF THE 5TH
Casper Ghosts batting - Pitching for Atlantic City Sonics : RHP Jonas Wisse
Batting: RHB Izaak Gerkis 0-0: Called Strike
0-1: Foul Ball, location: 2F
0-2: Foul Ball, location: 2F
0-2: Ball
1-2: Ball
2-2: SINGLE (Line Drive, 78M, EV 106.9 MPH)
Batting: RHB Thom Scribbner 0-0: Called Strike
0-1: Foul Ball, location: 2F
0-2: Ball
1-2: Ball
2-2: Fly out, F7 (Line Drive, 7, EV 93.8 MPH)
Batting: RHB Bogdan Lissenberg 0-0: Ball
1-0: Foul Ball, location: 2F
1-1: Grounds into double play, 5-4-3 (Groundball, 5, EV 82.5 MPH)
Top of the 5th over - 0 runs, 1 hit, 0 errors, 0 left on base; Casper 0 - Atlantic City 5
BOTTOM OF THE 5TH
Atlantic City Sonics batting - Pitching for Casper Ghosts : RHP Hildo van Doorn
Batting: RHB August Force 0-0: Fly out, F9 (Flyball, 9S, EV 89.4 MPH)
Batting: SHB John Clements 0-0: Foul Ball, location: 2F
0-1: Ball
1-1: Ball
2-1: Foul Ball, location: 2F
2-2: Ball
3-2: Fly out, F7 (Flyball, 7S, EV 84.4 MPH)
Batting: LHB Luis González 0-0: Ball
1-0: Foul Ball, location: 2F
1-1: Ball
2-1: Called Strike
2-2: Foul Ball, location: 2F
2-2: Ball
3-2: Ground out 5-3 (Groundball, 56, EV 76.9 MPH)
Bottom of the 5th over - 0 runs, 0 hits, 0 errors, 0 left on base; Casper 0 - Atlantic City 5
TOP OF THE 6TH
Casper Ghosts batting - Pitching for Atlantic City Sonics : RHP Jonas Wisse
Batting: RHB Thinley Tshering 0-0: Ball
1-0: Ball
2-0: SINGLE (Groundball, 6D, EV 96.9 MPH)
Batting: RHB Marcos Janero 0-0: Called Strike
0-1: SINGLE (Groundball, 56D, EV 109.4 MPH)
Thinley Tshering to second
Batting: LHB Edward Kisiner 0-0: Called Strike
0-1: Swinging Strike
0-2: Foul Ball, location: 2F
0-2: Strikes out swinging
Batting: RHB Ken Joyner 0-0: Ball
1-0: Called Strike
1-1: Swinging Strike
1-2: Ball
2-2: Ball
3-2: Strikes out looking
Batting: RHB Cam Lumsden 0-0: Ball
1-0: Foul Ball, location: 2F
1-1: Foul Ball, location: 2F
1-2: Ground out 6-3 (Groundball, 6MS, EV 66.2 MPH)
Top of the 6th over - 0 runs, 2 hits, 0 errors, 2 left on base; Casper 0 - Atlantic City 5
BOTTOM OF THE 6TH
Atlantic City Sonics batting - Pitching for Casper Ghosts : RHP Hildo van Doorn
Batting: RHB Denis Perrin 0-0: Called Strike
0-1: Ball
1-1: SINGLE (Groundball, 4MD, EV 94.4 MPH)
Pitching: LHP Zedekiah Brenneman
Batting: LHB Quentin Batkin 0-0: Called Strike
0-1: Ball
1-1: Ball
2-1: TRIPLE (Line Drive, 8RXD, EV 103.1 MPH)
Denis Perrin scores
Batting: RHB Abhipala Srivastav 0-0: Ball
1-0: Fly out, F8 (Flyball, 8RD, EV 91.9 MPH)
Runner from 3rd tags up, SCORES, throw by CF
Batting: RHB Doug Tipton 0-0: Called Strike
0-1: Foul Ball, location: 2F
0-2: Fly out, F6 (Popup, 6, EV 67.5 MPH)
Batting: RHB Yong-ho Jheon 0-0: Ball
1-0: Foul Ball, location: 2F
1-1: Swinging Strike
1-2: Foul Ball, location: 2F
1-2: Ball
2-2: Foul Ball, location: 2F
2-2: Fly out, F8 (Flyball, 78D, EV 88.1 MPH)
Bottom of the 6th over - 2 runs, 2 hits, 0 errors, 0 left on base; Casper 0 - Atlantic City 7
TOP OF THE 7TH
Casper Ghosts batting - Pitching for Atlantic City Sonics : RHP Jonas Wisse
Batting: RHB Obiniana Romulo 0-0: Called Strike
0-1: Ball
1-1: Ball
2-1: Ground out 6-3 (Groundball, 6, EV 106.2 MPH)
Batting: RHB Izaak Gerkis 0-0: Ball
1-0: Ball
2-0: Called Strike
2-1: SINGLE (Flyball, 9S, EV 86.2 MPH)
Batting: RHB Thom Scribbner 0-0: Ball
1-0: Called Strike
1-1: Fielders Choice at 2nd, 1-4 (Groundball, 15S, EV 75.6 MPH)
Batting: RHB Bogdan Lissenberg 0-0: Foul Ball, location: 2F
0-1: Foul Ball, location: 2F
0-2: Ball
Thom Scribbner steals 2nd base (no throw)
1-2: Ground out 5-3 (Groundball, 56S, EV 79.4 MPH)
Top of the 7th over - 0 runs, 1 hit, 0 errors, 1 left on base; Casper 0 - Atlantic City 7
BOTTOM OF THE 7TH
Atlantic City Sonics batting - Pitching for Casper Ghosts : LHP Zedekiah Brenneman
Batting: RHB Garm van Opdorp 0-0: Ball
1-0: Ball
2-0: Ground out 5-3 (Groundball, 5, EV 80.0 MPH)
Batting: RHB August Force 0-0: Fly out, F7 (Flyball, 7S, EV 88.8 MPH)
Batting: SHB John Clements 0-0: Foul Ball, location: 2F
0-1: SINGLE (Groundball, 5D, EV 107.5 MPH)
Batting: LHB Luis González 0-0: Ball
1-0: Ball
2-0: Ball
3-0: Called Strike
3-1: Called Strike
3-2: DOUBLE (Flyball, 8LXD, EV 95.0 MPH)
John Clements to third
John Clements scores
Batting: RHB Denis Perrin 0-0: Called Strike
0-1: Foul Ball, location: 2F
0-2: Ball
1-2: Fly out, F8 (Flyball, 8RM, EV 82.5 MPH)
Bottom of the 7th over - 1 run, 2 hits, 0 errors, 1 left on base; Casper 0 - Atlantic City 8
TOP OF THE 8TH
Casper Ghosts batting - Pitching for Atlantic City Sonics : RHP Jonas Wisse
Batting: RHB Thinley Tshering 0-0: Ball
1-0: Called Strike
1-1: Ball
2-1: Swinging Strike
2-2: Fly out, F8 (Flyball, 8LD, EV 84.4 MPH)
Pitching: RHP Robert Smith
Batting: RHB Marcos Janero 0-0: Ball
1-0: Swinging Strike
1-1: Ball
2-1: Ball
3-1: Fly out, F8 (Flyball, 8LD, EV 90.0 MPH)
Pinch Hitting: LHB General Booty 0-0: SINGLE (Groundball, 4, EV 99.4 MPH) (infield hit)
Batting: RHB Ken Joyner 0-0: Ground out 4-3 (Groundball, 4, EV 88.1 MPH)
Top of the 8th over - 0 runs, 1 hit, 0 errors, 1 left on base; Casper 0 - Atlantic City 8
BOTTOM OF THE 8TH
Atlantic City Sonics batting - Pitching for Casper Ghosts : LHP Zedekiah Brenneman
Now in RF: General Booty
Batting: LHB Quentin Batkin 0-0: Ball
1-0: Ball
2-0: Foul Ball, location: 2F
2-1: Ball
3-1: Base on Balls
Batting: RHB Abhipala Srivastav 0-0: Fly out, F8 (Line Drive, 8RD, EV 84.4 MPH)
Batting: RHB Doug Tipton 0-0: Ball
1-0: Foul Ball, location: 2F
1-1: Called Strike
1-2: Foul Ball, location: 2F
1-2: Foul Ball, location: 2F
1-2: SINGLE (Groundball, 4MD, EV 93.8 MPH)
Quentin Batkin to second
Batting: RHB Yong-ho Jheon 0-0: Ball
1-0: Foul Ball, location: 2F
1-1: Foul Ball, location: 2F
1-2: Ball
2-2: Ball
3-2: DOUBLE (Flyball, 89XD, EV 93.1 MPH)
Quentin Batkin scores
Doug Tipton to third
Pitching: RHP Jong-beom Park
Batting: RHB Garm van Opdorp 0-0: Ball
Wild Pitch!
Doug Tipton scores
Yong-ho Jheon to third
1-0: Fly out, F4 (Popup, 4, EV 55.6 MPH)
Batting: RHB August Force 0-0: Foul Ball, location: 2F
0-1: Called Strike
0-2: Ball
1-2: Foul Ball, location: 2F
1-2: Strikes out looking
Bottom of the 8th over - 2 runs, 2 hits, 0 errors, 1 left on base; Casper 0 - Atlantic City 10
TOP OF THE 9TH
Casper Ghosts batting - Pitching for Atlantic City Sonics : RHP Robert Smith
Batting: RHB Cam Lumsden 0-0: Called Strike
0-1: Ball
1-1: Ball
2-1: Ball
3-1: Swinging Strike
3-2: Ground out 6-3 (Groundball, 6, EV 98.8 MPH)
Batting: RHB Obiniana Romulo 0-0: Ball
1-0: Called Strike
1-1: Foul Ball, location: 2F
1-2: Strikes out swinging
Pinch Hitting: RHB Riemer Kila 0-0: SINGLE (Line Drive, 4D, EV 100.0 MPH)
Pinch Hitting: RHB Tony Wood 0-0: Foul Ball, location: 2F
0-1: Foul Ball, location: 2F
0-2: Foul Ball, location: 2F
0-2: Ball
1-2: Ball
2-2: Ball
3-2: Base on Balls
Riemer Kila to second
Batting: RHB Bogdan Lissenberg 0-0: Foul Ball, location: 2F
0-1: Ball
1-1: Ball
2-1: Ground out 4-3 (Groundball, 4, EV 87.5 MPH)
Top of the 9th over - 0 runs, 1 hit, 0 errors, 2 left on base; Casper 0 - Atlantic City 10
Tuesday, January 5th, 2021 - OOTP Baseball 20.8 Build 74